 Dungeon Crawl Stone Soup version 0.30.0-29-ga12c61a403 (webtiles) character file.

Game seed: 3012656513370535223

63786 Dadbod the Bludgeoner (level 15, -26/115 HPs)
             Began as a Formicid Fighter on June 7, 2023.
             Was the Champion of Okawaru.
             Annihilated by an ettin
             ... wielding a +0 dire flail
              (30 damage)
             ... on level 1 of the Orcish Mines.
             The game lasted 01:39:40 (19298 turns).

Dadbod the Bludgeoner (Formicid Fighter)           Turns: 19298, Time: 01:39:40

Health: -26/115    AC: 35    Str: 27    XL:     15   Next: 51%
Magic:  21/21      EV: 14    Int: 14    God:    Okawaru [******]
Gold:   3953       SH:  5    Dex: 11    Spells: 14/14 levels left

rFire   . . .        N - +6 great mace (holy)
rCold   + + +        c - +0 buckler
rNeg    + . .        I - +10 plate armour of Abuleome {-Cast rPois rC+++ Dex-2}
rPois   +            (helmet unavailable)
rElec   .            K - +2 cloak of Nutwuaki {rN+ Int+5}
rCorr   +            H - +2 pair of gloves
SInv    +            y - +2 pair of boots
Will    +....        h - amulet of the acrobat Stlth
                     t - ring of resist corrosion
HPRegen 0.39/turn    O - +5 ring of evasion
MPRegen 0.17/turn

%: no spellcasting, acrobat
@: studying Ranged Weapons, silenced
A: permanent stasis, dig shafts and tunnels, antennae 3, four strong arms,
poison resistance, subdued magic 1
a: Dig, Shaft Self, Renounce Religion


You were on level 1 of the Orcish Mines.
You worshipped Okawaru.
Okawaru was exalted by your worship.
You visited 4 branches of the dungeon, and saw 20 of its levels.

You collected 3953 gold pieces.

Inventory:

Hand Weapons
 o - a +2 battleaxe
 v - the +7 demon whip "Killer Klown's Curse" {antimagic, Str+2}
   (Okawaru gifted it to you on level 1 of the Lair of Beasts)

   Str:       It affects your strength (+2).
 N - a +6 great mace of holy wrath (weapon)
Missiles
 f - 50 poisoned darts
 i - 2 silver boomerangs
 q - 3 throwing nets
 s - 10 javelins
 u - 7 silver javelins
 z - 5 curare-tipped darts
 A - 8 boomerangs
 E - a boomerang of dispersal (quivered)
Armour
 c - a +0 buckler (worn)
 j - the +1 chain mail of Olat {+Inv rElec Will+++ Int-4}
   (You acquired it on level 10 of the Dungeon)

   Int:       It affects your intelligence (-4).
   rElec:     It insulates you from electricity.
   +Inv:      It lets you turn invisible.
   Will:      It greatly increases your willpower.
 y - a +2 pair of boots (worn)
 H - a +2 pair of gloves (worn)
 I - the +10 plate armour of Abuleome (worn) {-Cast rPois rC+++ Dex-2}
   (Okawaru gifted it to you on level 3 of the Lair of Beasts)

   Dex:       It affects your dexterity (-2).
   rC:        It renders you almost immune to cold.
   rPois:     It protects you from poison.
   -Cast:     It prevents spellcasting.
 K - the +2 cloak of Nutwuaki (worn) {rN+ Int+5}
   (You found it on level 4 of the Lair of Beasts)

   Int:       It affects your intelligence (+5).
   rN:        It protects you from negative energy.
Jewellery
 h - an amulet of the acrobat (around neck)
 t - a ring of resist corrosion (left hand)
 F - a ring of protection from cold
 L - a ring of flight
 O - a +5 ring of evasion (right hand)
Wands
 g - a wand of mindburst (13)
 x - a wand of flame (13)
 C - a wand of digging (3)
Scrolls
 k - a scroll of silence
 m - 3 scrolls of fog
 n - a scroll of fear
 w - 4 scrolls of identify
 D - 4 scrolls of poison
 M - 3 scrolls of magic mapping
Potions
 a - 3 potions of lignification
 b - 5 potions of attraction
 e - 5 potions of mutation
 l - 2 potions of magic
 p - 7 potions of curing
 r - 3 potions of flight
 B - a potion of cancellation
 G - a potion of brilliance
 J - 3 potions of might


   Skills:
 * Level 9.7 Fighting
 - Level 0.3(11.1) Axes
 * Level 17.0 Maces & Flails
 * Level 9.4 Throwing
 * Level 10.2 Armour
 * Level 4.1 Dodging
 + Level 3.6 Stealth
 + Level 7.9 Shields
 * Level 8.9 Invocations
 * Level 9.3 Evocations


You had 14 spell levels left.
You didn't know any spells.
Your spell library contained the following spells:

 Spells                   Type           Power      Damage    Failure   Level
 Sandblast                Erth           0%         2d4       95%         1
 Shock                    Conj/Air       0%         1d3       95%         1
 Passwall                 Tmut/Erth      0%         N/A       99%         2
 Stone Arrow              Conj/Erth      0%         3d7       100%        3
 Airstrike                Air            0%         2d(0-16)  100%        4
 Swiftness                Air            Unusable   N/A       N/A         3

Dungeon Overview and Level Annotations

Branches:
Dungeon (12/15)            Temple (1/1) D:5            Lair (5/5) D:9
  Swamp (0/4) Lair:3       Spider (0/4) Lair:2        Slime (0/5) Lair:5
    Orc (2/2) D:11            Elf (0/3) Orc:2

Altars:
Cheibriados
Elyvilon
Fedhas
Gozag
Hepliaklqana
Makhleb
Nemelex Xobeh
Okawaru
Qazlal
Ru
Sif Muna
Trog
Uskayaw
Vehumet
Xom
Yredelemnul
Zin
The Shining One

Shops:
D:3 (

Annotations:
D:9 exclusions: obsidian statue and orange crystal statue
Orc:1 1 transporter, 1 runed translucent door


Innate Abilities, Weirdness & Mutations

You cannot be hasted, slowed, berserked, paralysed or teleported.
You can dig through walls and to a lower floor.
You have a pair of large antennae on your head. (SInv)
Your four strong arms can wield two-handed weapons with a shield.
Your system is resistant to poisons. (rPois)
Your spells are a little easier to cast, but a little less powerful.


Message History

Okay, then.
Okay, then.
Magic scrolls do not work when you're silenced!
Okay, then.
Okay, then.
Throw: 2 boomerangs (disperse)
Press: ? - help, Q - select action, (/) - cycle Shift-Dir - straight line, f/p - ettin
Aim: an ettin, wielding two +0 dire flails (silenced, berserk, 84% to hit)
You throw a boomerang of dispersal.
The boomerang of dispersal hits the ettin and shatters for extra damage!!
The ettin blinks!
You see here a potion of berserk rage.
Found a polished plate armour and 10 gold pieces.
You feel better.
You feel better.
Okay, then.
Aiming: Mindburst
Press: ? - help, Shift-Dir - straight line, f/p - ettin
Aim: an ettin, wielding two +0 dire flails (silenced, lightly wounded, berserk, chance to affect: 78%)
Okay, then.
Unknown command.
Unknown command.
Okay, then.
Okay, then.
Okay, then.
Magic scrolls do not work when you're silenced!
Okay, then.
Aiming: Mindburst
Press: ? - help, Shift-Dir - straight line, f/p - ettin
Aim: an ettin, wielding two +0 dire flails (silenced, lightly wounded, berserk, chance to affect: 78%)
The ettin's minds are blasted!!
Aiming: Mindburst
Press: ? - help, Shift-Dir - straight line, f/p - ettin
Aim: an ettin, wielding two +0 dire flails (silenced, heavily wounded, berserk, chance to affect: 78%)
The ettin's minds are blasted!!
The silent spectre fades in and out of visibility.
The ettin hits you with a +0 dire flail!!!
* * * LOW HITPOINT WARNING * * *
The ettin hits you with a +0 dire flail!!
You die...

#### ## #... ##...{... { { #...
##... .....{ ###...
########...###..⌠. #y#...
#....#y#...#y#$.... ####...
#....###''### $$..{##......
##.....##..(###[[$..##......
##.....©##©÷C#W+_)?..##©.....
###.......##..@###:[!..##......
##........###++###
$$...##...... #.........#y#.. {
... ####... ##.#...######.. ⌠.
#y#... ##.#..# { .{ ###...
###.....# { { { #... .##.....#
#... ..#.....# {{ #...
.#......# #...


You could see an ettin (berserk) and a silent spectre (silencing).

Vanquished Creatures
  Jorgrun (Orc:1)
  A fire dragon (D:10)
  4 catoblepae (Lair:5)
  Harold (D:9)
  A boulder beetle (Lair:3)
  4 hydras
  A two-headed ogre (D:10)
  9 death yaks (Lair:5)
  Urug (Lair:1)
  An orc high priest (Orc:1)
  3 skysharks
  2 slime creatures (D:12)
  Pikel (D:4)
  A deep elf pyromancer (D:12)
  5 oklob plants
  2 orc sorcerers
  3 manticores
  2 orc knights (D:10)
  2 cyclopes
  A moth of wrath (Lair:5)
  15 elephants
  A black mamba (Lair:5)
  A demonic crawler (Lair:5)
  10 cane toads
  A rime drake (D:9)
  Maggie (D:9)
  A kobold demonologist (D:9)
  9 komodo dragons
  A yaktaur (D:10)
  A meliai (Lair:2)
  6 trolls
  A polar bear (Lair:5)
  20 blink frogs
  A spriggan (Lair:3)
  3 shadows
  3 wyverns
  A yak (shapeshifter) (D:10)
  64 yaks
  3 wraiths
  Grum (D:9)
  2 basilisks
  3 vampire mosquitoes (D:10)
  2 steam dragons
  2 swamp worms (Lair:5)
  2 wargs (Orc:1)
  Edmund (D:6)
  3 acid dragons
  14 water moccasins
  5 ice beasts
  13 orc warriors
  3 sky beasts
  A black bear (Lair:1)
  12 wolves
  8 ogres
  A phantom (D:6)
  8 centaurs
  4 kobold brigands
  9 bullfrogs
  A gnoll sergeant (D:10)
  A scorpion (D:5)
  7 wights
  23 killer bees
  4 howler monkeys
  A crimson imp (D:8)
  4 hounds
  3 jellies
  13 orc priests
  6 iguanas
  Terence (D:3)
  12 orc wizards
  3 gnolls (D:5)
  5 adders
  A river rat (Lair:2)
  A shadow imp (D:7)
  3 white imps
  A worm (D:4)
  4 dart slugs
  54 orcs
  6 ball pythons
  5 endoplasms
  4 giant cockroaches
  4 goblins
  6 hobgoblins
  12 jackals
  2 quokkas
  2 bats
  2 frilled lizards
  16 kobolds
  2 rats (D:2)
492 creatures vanquished.

Vanquished Creatures (others)
  An ogre mage (D:10)
  An orc wizard (Orc:1)
  5 orcs (Orc:1)
7 creatures vanquished.

Grand Total: 499 creatures vanquished

Notes
Turn   | Place    | Note
-------+----------+-------------------------------------------
     0 | D:1      | Dadbod the Formicid Fighter began the quest for the Orb.
     0 | D:1      | Reached XP level 1. HP: 18/18 MP: 1/1
   131 | D:1      | Reached XP level 2. HP: 24/24 MP: 2/2
   150 | D:1      | You fall into a shaft and drop 1 floor!
   355 | D:2      | Reached XP level 3. HP: 30/30 MP: 3/3
   693 | D:3      | Reached skill level 1 in Dodging
   714 | D:3      | Noticed Terence
   734 | D:3      | Killed Terence
   735 | D:3      | Reached XP level 4. HP: 12/37 MP: 4/4
   849 | D:3      | Found Qashrumu's Antique Weapon Shoppe.
   921 | D:3      | Found a shimmering blue altar of Sif Muna.
  1101 | D:3      | Found a radiant altar of Vehumet.
  1112 | D:3      | Reached XP level 5. HP: 41/42 MP: 5/5
  1114 | D:3      | Found a glowing silver altar of Zin.
  1336 | D:4      | Noticed an ogre
  1344 | D:3      | Gained mutation: Your system is resistant to poisons.
                  | (rPois) [potion of mutation]
  1344 | D:3      | Gained mutation: Your spells are a little easier to cast,
                  | but a little less powerful. [potion of mutation]
  1351 | D:3      | Identified a scroll of acquirement
  1351 | D:3      | Acquired 1270 gold pieces
  1409 | D:4      | Noticed Pikel
  1409 | D:4      | Noticed a lemure
  1409 | D:4      | Noticed a lemure
  1488 | D:4      | Noticed a lemure
  1490 | D:4      | Noticed a lemure
  1502 | D:4      | Killed Pikel
  1503 | D:4      | Reached skill level 4 in Maces & Flails
  1503 | D:4      | Reached skill level 5 in Armour
  1503 | D:4      | Reached skill level 1 in Stealth
  1503 | D:4      | Reached skill level 5 in Shields
  1503 | D:4      | Reached XP level 6. HP: 21/50 MP: 6/6
  1503 | D:4      | Reached XP level 7. HP: 23/55 MP: 7/7
  1677 | D:4      | Reached skill level 5 in Maces & Flails
  1959 | D:4      | Reached skill level 1 in Throwing
  1959 | D:4      | Reached XP level 8. HP: 51/61 MP: 8/8
  2106 | D:4      | Reached skill level 5 in Fighting
  2270 | D:5      | Entered Level 5 of the Dungeon
  2312 | D:5      | Reached skill level 1 in Evocations
  2630 | D:5      | Found a snail-covered altar of Cheibriados.
  2725 | D:5      | Found a staircase to the Ecumenical Temple.
  2730 | Temple   | Entered the Ecumenical Temple
  2755 | Temple   | Became a worshipper of Warmaster Okawaru
  3308 | D:6      | Reached skill level 6 in Maces & Flails
  3360 | D:6      | Noticed Edmund
  3384 | D:6      | Killed Edmund
  3385 | D:6      | Reached XP level 9. HP: 28/68 MP: 9/9
  3880 | D:7      | Reached * piety under Okawaru
  3935 | D:7      | Reached skill level 7 in Maces & Flails
  4067 | D:7      | Reached skill level 8 in Maces & Flails
  4144 | D:7      | Reached ** piety under Okawaru
  4528 | D:7      | Reached XP level 10. HP: 73/74 MP: 10/10
  4910 | D:8      | Reached skill level 9 in Maces & Flails
  5011 | D:8      | Reached skill level 1 in Invocations
  5765 | D:8      | Found a glowing golden altar of the Shining One.
  5903 | D:8      | Reached *** piety under Okawaru
  5918 | D:8      | Reached skill level 5 in Evocations
  6082 | D:9      | Reached skill level 10 in Maces & Flails
  6087 | D:9      | Noticed a rime drake
  6107 | D:9      | Noticed Harold
  6127 | D:9      | Killed a rime drake
  6147 | D:9      | Killed Harold
  6147 | D:9      | Reached **** piety under Okawaru
  6148 | D:9      | Reached skill level 5 in Throwing
  6148 | D:9      | Reached XP level 11. HP: 35/81 MP: 10/13
  6425 | D:9      | Noticed a sixfirhy
  6463 | D:9      | Noticed Maggie
  6466 | D:9      | Killed Maggie
  6467 | D:9      | Reached skill level 11 in Maces & Flails
  6668 | D:9      | Noticed Grum
  6678 | D:9      | Killed Grum
  6917 | D:9      | Found a blossoming altar of Fedhas.
  7029 | D:9      | Noticed an obsidian statue
  7052 | D:9      | Noticed an orange crystal statue
  7189 | D:9      | Found a staircase to the Lair.
  7264 | D:10     | Entered Level 10 of the Dungeon
  7284 | D:10     | Identified the +10 trident "Zedghih" {venom, rPois rF+
                  | Str+3}
  7486 | D:10     | Reached ***** piety under Okawaru
  7526 | D:10     | Noticed an orc knight
  7542 | D:10     | Killed an orc knight
  7663 | D:10     | Received a gift from Okawaru
  7743 | D:10     | Noticed an orc knight
  7759 | D:10     | Killed an orc knight
  7849 | D:10     | Noticed an eight-headed hydra
  7855 | D:10     | Reached skill level 12 in Maces & Flails
  7857 | D:10     | Noticed an ogre mage
  7858 | D:10     | Noticed a manticore
  7858 | D:10     | Noticed a fire dragon
  7860 | D:10     | Killed an eight-headed hydra
  7861 | D:10     | Reached skill level 5 in Invocations
  7861 | D:10     | Reached XP level 12. HP: 88/89 MP: 12/15
  7866 | D:10     | Killed an ogre mage
  7875 | D:10     | Killed a fire dragon
  8019 | D:10     | Acquired the +1 chain mail of Olat {+Inv rElec Will+++
                  | Int-4}
  8252 | D:10     | Noticed a two-headed ogre
  8263 | D:10     | Killed a two-headed ogre
  8642 | Lair:1   | Entered Level 1 of the Lair of Beasts
  8872 | Lair:1   | Noticed Urug
  8878 | Lair:1   | Reached skill level 13 in Maces & Flails
  8886 | Lair:1   | Killed Urug
  9572 | Lair:2   | Received a gift from Okawaru
  9707 | Lair:2   | Reached XP level 13. HP: 48/96 MP: 17/17
  9741 | Lair:1   | Identified the +7 demon whip "Killer Klown's Curse"
                  | {antimagic, Str+2} (Okawaru gifted it to you on level 1 of
                  | the Lair of Beasts)
  9741 | Lair:1   | Received a gift from Okawaru
  9999 | Lair:2   | Identified the +9 trident "Wakireokh" {flame, rF- rC+
                  | Str+10 SInv}
 10561 | Lair:2   | Found a hole to the Spider Nest.
 10637 | Lair:2   | Reached skill level 14 in Maces & Flails
 11845 | Lair:3   | Received a gift from Okawaru
 11908 | Lair:3   | Found a staircase to the Swamp.
 12824 | Lair:3   | Identified the +10 plate armour of Abuleome {-Cast rPois
                  | rC+++ Dex-2} (Okawaru gifted it to you on level 3 of the
                  | Lair of Beasts)
 12824 | Lair:3   | Received a gift from Okawaru
 13490 | Lair:4   | Reached ****** piety under Okawaru
 13491 | Lair:4   | Reached skill level 15 in Maces & Flails
 13498 | Lair:4   | Reached XP level 14. HP: 78/106 MP: 19/19
 13736 | Lair:4   | Identified the +2 cloak of Nutwuaki {rN+ Int+5}
 14175 | Lair:5   | Entered Level 5 of the Lair of Beasts
 14351 | Lair:5   | Found a staircase to the Slime Pits.
 15212 | Lair:5   | Reached skill level 16 in Maces & Flails
 15378 | Lair:5   | Received a gift from Okawaru
 15877 | Lair:5   | Received a gift from Okawaru
 16184 | Lair:5   | Reached XP level 15. HP: 94/113 MP: 21/21
 16865 | D:11     | Found a staircase to the Orcish Mines.
 17282 | D:12     | Received a gift from Okawaru
 17378 | D:12     | Reached skill level 10 in Armour
 17645 | D:12     | Acquired 961 gold pieces
 18231 | Orc:1    | Entered Level 1 of the Orcish Mines
 18519 | Orc:1    | Received a gift from Okawaru
 18752 | Orc:2    | Entered Level 2 of the Orcish Mines
 18925 | Orc:2    | Found a staircase to the Elven Halls.
 18968 | Orc:1    | Noticed Jorgrun
 19179 | Orc:1    | Killed Jorgrun
 19180 | Orc:1    | Reached skill level 17 in Maces & Flails
 19265 | Orc:1    | Found a transporter.
 19277 | Orc:1    | Found a transporter.
 19277 | Orc:1    | Found a runed translucent door.
 19277 | Orc:1    | Found a bloodstained altar of Trog.
 19277 | Orc:1    | Found the necklace of Bloodlust {Fury *Rage Will++ Int-3
                  | Slay+6}
 19290 | Orc:1    | Received a gift from Okawaru
 19298 | Orc:1    | HP: 4/115 [ettin/+0 dire flail (49)]
 19298 | Orc:1    | Annihilated by an ettin

Illustrated notes

Levels and vault maps discovered:
D:1:      ebering_trefoil_3fold, layout_basic, chequers_ecumenical_altar_grove,
          serial_corexii_hall, corexii_hall_statues_x, corexii_hall_statues_u
D:2:      layout_basic
D:3:      layout_rooms, jmf_multi_god_temple, overflow_temple_1_default,
          serial_shops, shop, uniq_terence
D:4:      layout_rooms, uniq_pikel
D:5:      layout_rooms, kennysheep_slug_shrine, minmay_temple_entry_glassed_door
D:6:      layout_gridville, uniq_edmund
D:7:      layout_basic
D:8:      layout_basic, mainiacjoe_overflow_tiny_flanked, minmay_fire_ice_demons
D:9:      minmay_separated_statues, layout_basic, fedhas_altar_2,
          hellmonk_lair_entry_icy, minmay_misc_feat_columns, uniq_maggie,
          uniq_harold, uniq_grum
D:10:     minmay_the_grid_plus_closed [minmay_the_grid_expand,
          minmay_the_grid_empty, minmay_the_grid_armoury,
          minmay_the_grid_square_x, minmay_the_grid_prize_four_corners],
          layout_rooms
D:11:     layout_long_grid, orc_0_dummy, serial_glass, glass_columns_b,
          glass_columns_a
D:12:     layout_irregular_city
Temple:   nicolae_temple_bog_church
Lair:1:   layout_cave_pods, uniq_urug
Lair:2:   layout_regular_city, hellmonk_spider_entry_not_the_bees, pond,
          infiniplex_staircase_pool, serial_bayou_shore_a, grunt_megastairs_1
Lair:3:   layout_loops_ring, swamp_mist, wad_woods_03, lemuel_fruit_tree
Lair:4:   layout_small_grid, lemuel_fruit_fields
Lair:5:   evilmike_catoblepas_cave, layout_loops_ring,
          minmay_slime_entry_oklob_open, worms_lemuel
Orc:1:    emtedronai_trogs_sanctum, layout_caves, uniq_jorgrun
Orc:2:    st_orc_congregation, layout_diamond_mine, mines3_lemuel

Skill      XL: |  1  2  3  4  5  6  7  8  9 10 11 12 13 14 15 |
---------------+----------------------------------------------+-----
Dodging        | 1 2 3 4 |  4.1
Fighting       | 4 5 6 7 8 9 |  9.7
Armour         | 4 5 6 7 8 9 10 | 10.2
Maces & Flails | 4 5 6 8 10 12 13 15 16 17 | 17.0
Stealth        | 1 2 3 |  3.6
Shields        | 5 6 7 |  7.9
Throwing       | 1 2 4 5 6 7 8 9 |  9.4
Evocations     | 2 4 5 6 7 8 9 |  9.3
Invocations    | 3 5 6 7 8 |  8.9
Axes           | |  0.3

Action                     |  1- 3 |  4- 6 |  7- 9 | 10-12 | 13-15 || total
---------------------------+-------+-------+-------+-------+-------++-------
  Melee: Flail             |    95 |    55 |    91 |       |       ||   241
         Great mace        |       |       |   226 |   435 |   929 ||  1590
         Battleaxe         |       |       |       |       |     5 ||     5
  Throw: Javelin           |       |       |     9 |    15 |    40 ||    64
         Dart              |       |       |     4 |       |       ||     4
         Boomerang         |       |       |       |    17 |    24 ||    41
 Invoke: Heroism           |       |       |       |     8 |     5 ||    13
Ability: Dig               |       |     1 |       |     1 |     1 ||     3
  Evoke: Wand              |       |       |     2 |    18 |    19 ||    39
    Use: Potion            |     1 |     4 |     1 |     8 |     5 ||    19
         Scroll            |       |     7 |     1 |    13 |     4 ||    25
   Stab: Distracted        |       |       |     1 |       |       ||     1
         Sleeping          |       |       |     1 |       |       ||     1
         Petrified         |       |       |       |       |     4 ||     4
 Armour: Scale mail        |    28 |       |       |       |       ||    28
         Ring mail         |     5 |    23 |   162 |   153 |       ||   343
         Chain mail        |       |       |       |    67 |   113 ||   180
         Plate armour      |       |       |       |       |   440 ||   440
  Dodge: Dodged            |    41 |    22 |   235 |   250 |   390 ||   938
  Block: Buckler           |    24 |     9 |    94 |   122 |   231 ||   480
